[Event "Early-Titled-Tuesday-Blitz-April-16-2024"]
[Site "Chess.com"]
[Date "2024.04.16"]
[Round "4"]
[White "kekic76"]
[Black "Itay121"]
[Result "0-1"]
[WhiteElo "2351"]
[BlackElo "2547"]
[TimeControl "180+1"]
[EndTime "8:38:56 PDT"]
[Termination "Itay121 won on time"]

1. d4 Nf6 2. c4 g6 3. Nc3 d5 4.
cxd5 Nxd5 5. e4 Nxc3 6. bxc3 c5 7. Nf3 Bg7 8. Be3 cxd4 9. Bxd4 O-O 10. Bxg7 Kxg7 11. Be2 Nc6 12. O-O Bg4 13. h3 Bxf3 14.
Bxf3 e5 15. Qd5 Qc7 16. Rab1 Rfd8 17. Qb5 Na5 18. c4 a6 19. Qb4 Nxc4 20. Qxb7 Qxb7 21.
Rxb7 Nd2 22. Rc1 Rac8 23. Rcc7 Rxc7 24. Rxc7 Rd4 25. Rc5 f6 26. Rc7+ Kh6 27. Be2 Ra4 28.
Rc2 Nxe4 29. Bf3 Ng5 30. Be2 Ra3 31. h4 Ne4 32. Bf3 Nc3 33. g4 Nxa2 34. Kg2 Nc3 35.
Rb2 e4 0-1

[Event "Early-Titled-Tuesday-Blitz-April-16-2024"]
[Site "Chess.com"]
[Date "2024.04.16"]
[Round "4"]
[White "MdChess1734"]
[Black "SirStrateg"]
[Result "0-1"]
[WhiteElo "2369"]
[BlackElo "2635"]
[TimeControl "180+1"]
[EndTime "8:38:57 PDT"]
[Termination "SirStrateg won by resignation"]

1. e4 d6 2. d4 Nf6 3. Nc3 c6 4.
Nf3 Bg4 5. h3 Bh5 6. Be2 e6 7.
Be3 d5 8. e5 Nfd7 9. O-O c5 10.
dxc5 Nc6 11. Bb5 Ndxe5 12. g4 Nxf3+ 13. Qxf3 Bg6 14. Rfe1 a6 15. Ba4 Be7 16. Bd4 O-O 17.
Bxc6 bxc6 18. Re2 Rb8 19. b3 Rb4 20. Rd1 Qa5 21. Na4 Be4 22. Qc3 Rxa4 23. bxa4 Qxc3 24. Bxc3 Bf3 25. Ree1 Bxd1 26. Rxd1 Rb8 27. Bd4 f6 28. f4 Kf7 29. a3 h6 30. Re1 g5 31. fxg5 hxg5 32. Rf1 Kg6 33. Rf3 e5 34. Bf2 Rb2 35. Rc3 Kf7 36. Rb3 Rxc2 37. Rb6 Rxc5 38. Bxc5 Bxc5+ 0-1

[Event "Early-Titled-Tuesday-Blitz-April-16-2024"]
[Site "Chess.com"]
[Date "2024.04.16"]
[Round "4"]
[White "Lion-Al-Messi"]
[Black "Aleksandar-Topalov"]
[Result "1-0"]
[WhiteElo "2582"]
[BlackElo "2339"]
[TimeControl "180+1"]
[EndTime "8:38:57 PDT"]
[Termination "Lion-Al-Messi won by resignation"]

1. e4 e6 2. d4 d5 3. exd5 exd5 4. Bd3 Bd6 5. Nc3 c6 6. Nge2 Ne7 7. Bg5 f6 8. Bf4 Bf5 9. Bxd6 Qxd6 10. Ng3 Bxd3 11.
Qxd3 O-O 12. O-O-O Na6 13. h4 Qf4+ 14. Kb1 Nb4 15.
Qe2 Rae8 16. Qe6+ Kh8 17. a3 Qxf2 18. axb4 Qxg3 19. Qd7 Qb8 20. h5 h6 21. Rde1 Ng8 22. b5 Rd8 23. Qf5 Qc7 24. Re2 Qb6 25. Qg4 cxb5 26.
Rhe1 b4 27. Re6 Qa5 28. Ne2 b3 29. Nf4 bxc2+ 30. Kxc2 Rc8+ 31. Kb1 Rfd8 32. Ng6+ Kh7 33. Qf5 Qa4 34. Nf8+ 1-0

[Event "Early-Titled-Tuesday-Blitz-April-16-2024"]
[Site "Chess.com"]
[Date "2024.04.16"]
[Round "4"]
[White "NMChessToImpress"]
[Black "NastyaHn"]
[Result "0-1"]
[WhiteElo "2246"]
[BlackElo "2476"]
[TimeControl "180+1"]
[EndTime "8:38:59 PDT"]
[Termination "NastyaHn won by resignation"]

1. e4 e6 2. d4 d5 3. e5 c5 4.
c3 Nc6 5. Nf3 Qb6 6. a3 c4 7. Nbd2 Na5 8. g3 Bd7 9. Bg2 Ne7 10. O-O Ng6 11. h4 h5 12. Rb1 Be7 13. Qc2 Rc8 14. Re1 Nb3 15. Nxb3 cxb3 16. Qd1 a5 17. Bg5 a4 18. Bxe7 Nxe7 19. Ng5 Nf5 20. Bh3 g6 21. Bxf5 gxf5 22. Nh3 Bb5 23. Nf4 Ke7 24.
Nxh5 Rcg8 25. Nf6 Rg7 26. h5 Qa6 27. Re3 f4 28. Rf3 Be2 29. Qd2 Bxf3 30. c4 fxg3 31. Qb4+ Kd8 32. c5 0-1

[Event "Early-Titled-Tuesday-Blitz-April-16-2024"]
[Site "Chess.com"]
[Date "2024.04.16"]
[Round "4"]
[White "emeli_chess"]
[Black "enriquebutti"]
[Result "1-0"]
[WhiteElo "2464"]
[BlackElo "2167"]
[TimeControl "180+1"]
[EndTime "8:39:03 PDT"]
[Termination "emeli_chess won by resignation"]

1. d4 Nf6 2. c4 e6 3. Nc3 c5 4. d5 exd5 5. cxd5 d6 6. Nf3 g6 7. h3 Bg7 8. e4 O-O 9. Bd3 Re8 10. O-O c4 11. Bxc4 Nxe4 12. Nxe4 Rxe4 13. Bd3 Rb4 14. Rb1 Nd7 15. b3 Nc5 16. Ba3 Nxd3 17. Qxd3 Bf5 18. Qd2 Rb5 19. Rbc1 Qa5 20. Qxa5 Rxa5 21. Bxd6 Rxa2 22.
Be5 Be4 23. Bxg7 Kxg7 24. Rfd1 Rd8 25. d6 Bf5 26. Rc7 Ra6 27. d7 Rb6 28. Nd4 Kf6 29.
Nxf5 gxf5 30. Rd3 Ke7 31. g3 Rd6 32. Rxd6 Kxd6 33. Rxb7 Rxd7 34. Rb8 Rc7 35. Kg2 a5 36. Kf3 Ke6 37. Rb5 Rc3+ 38. Kf4 h6 39. Re5+ Kd6 40. Rxa5 Rxb3 41. Kxf5 1-0

[Event "Early-Titled-Tuesday-Blitz-April-16-2024"]
[Site "Chess.com"]
[Date "2024.04.16"]
[Round "4"]
[White "dmosesov"]
[Black "LeoWin2012"]
[Result "1-0"]
[WhiteElo "2621"]
[BlackElo "2310"]
[TimeControl "180+1"]
[EndTime "8:39:05 PDT"]
[Termination "dmosesov won by checkmate"]

1. Nf3 c6 2. c4 d6 3. d4 Bg4 4. e4 Nf6 5. h3 Bxf3 6. Qxf3 e5 7. d5 cxd5 8. cxd5 Nbd7 9. Nc3 Nc5 10. Be3 Rc8 11. Be2 a6 12. O-O Be7 13. Rac1 O-O 14.
b4 Ncd7 15. a3 b5 16. a4 bxa4 17. Bxa6 Ra8 18. b5 Nc5 19. Bxc5 dxc5 20. Nxa4 Nd7 21. Rfd1 Bd6 22. Nb2 Nb6 23. Nd3 Qe7 24. Qe3 f5 25. exf5 Rxf5 26. Nxc5 Raf8 27. Rf1 Nd7 28. Ne6 Bb8 29.
Nxf8 Qxf8 30. Rc8 e4 31. Rxf8+ Rxf8 32. Qxe4 Nc5 33. Qc4 Nxa6 34. bxa6 Ba7 35. Qc6 Kh8 36. Qb7 Bc5 37. a7 Bxa7 38. Qxa7 h5 39. d6 h4 40. Qe7 Rd8 41. Qxd8+ Kh7 42. Qxh4+ Kg6 43. d7 Kf7 44. d8=Q Ke6 45. Qe4+ Kf7 46. Qf5# 1-0

[Event "Early-Titled-Tuesday-Blitz-April-16-2024"]
[Site "Chess.com"]
[Date "2024.04.16"]
[Round "4"]
[White "Heinza9"]
[Black "wild3000"]
[Result "1/2-1/2"]
[WhiteElo "2323"]
[BlackElo "2515"]
[TimeControl "180+1"]
[EndTime "8:39:05 PDT"]
[Termination "Game drawn by repetition"]

1. e4 d6 2. d4 Nf6 3. Nc3 a6 4. Be2 b5 5. a3 Bb7 6. d5 g6 7. g4 Bg7 8. g5 Nfd7 9. f4 O-O 10. Nf3 e6 11. O-O exd5 12. Nxd5 Nc5 13. Bd3 Nbd7 14. Re1 Re8 15. Be3 Nxd3 16. cxd3 Bxb2 17. Bd4 Bxd4+ 18.
Nxd4 c6 19. Ne3 Qb6 20. Nf3 c5 21. Kg2 c4 22. Ng4 cxd3 23. Qxd3 Rac8 24. Rad1 Rc4 25. Qxd6 Qxd6 26. Rxd6 Nc5 27. Nf6+ Kf8 28. Nxe8 Kxe8 29.
e5 Rxf4 30. Re3 Ne6 31. Kg3 Rf5 32. h4 Bxf3 33. Rxf3 Rxe5 34. Rxa6 Rc5 35. Ra8+ Ke7 36. Ra7+ Nc7 37. Re3+ Kd6 38. Rf3 Ke6 39. Re3+ Kd6 40. Rf3 Ke6 41. Re3+ Kd6 1/2-1/2

[Event "Early-Titled-Tuesday-Blitz-April-16-2024"]
[Site "Chess.com"]
[Date "2024.04.16"]
[Round "4"]
[White "WilsonPalencia21"]
[Black "Dzidzik2203"]
[Result "0-1"]
[WhiteElo "2587"]
[BlackElo "2424"]
[TimeControl "180+1"]
[EndTime "8:39:07 PDT"]
[Termination "Dzidzik2203 won by checkmate"]

1. d4 g6 2. Nf3 Bg7 3. c4 d6 4.
Nc3 Nd7 5. e4 c5 6. d5 Ndf6 7. h3 Nh6 8. g4 Nd7 9. Bd2 f6 10. Bd3 O-O 11. Qe2 Nf7 12. O-O-O Nfe5 13. Nxe5 fxe5 14. h4 h6 15. Be3 a6 16. Kb1 Rb8 17. Qd2 Kh7 18. Rdg1 b5 19. cxb5 axb5 20. Bxb5 Rf4 21.
Be2 Rb4 22. f3 Nb6 23. b3 Bd7 24. Nd1 e6 25. dxe6 Bxe6 26. Nc3 Qa8 27. Bd1 Rd4 28. Qc2 c4 29. b4 Rd3 30. Bxb6 Qa3 31. Ne2 d5 32.
Bc5 dxe4 33. Nc1 exf3 34. Re1 e4 35. Nxd3 cxd3 36. Qc1 Qxa2# 0-1

[Event "Early-Titled-Tuesday-Blitz-April-16-2024"]
[Site "Chess.com"]
[Date "2024.04.16"]
[Round "4"]
[White "ValentunHulka"]
[Black "UNSTOPPABLE_LEGEND"]
[Result "1-0"]
[WhiteElo "2794"]
[BlackElo "2562"]
[TimeControl "180+1"]
[EndTime "8:39:08 PDT"]
[Termination "ValentunHulka won by resignation"]

1. c4 Nf6 2. g3 e6 3. Bg2 d5 4.
Nf3 Be7 5. O-O O-O 6. b3 d4 7. Bb2 c5 8. Ne5 Qc7 9. f4 Nfd7 10. Nd3 Nc6 11. e4 e5 12. Na3 a6 13.
Nc2 Rb8 14. fxe5 Ndxe5 15. Nf4 Be6 16. d3 b5 17. Bc1 Qd7 18. Ne1 Rbd8 19. Bd2 Ng4 20.
Nc2 Nce5 21. h3 Ne3 22. Nxe3 dxe3 23. Bxe3 Nxd3 24. Nd5 Ne5 25. Qc2 bxc4 26. bxc4 Nc6 27. Kh2 Nd4 28. Qd3 Nc6 29. Rab1 Bd6 30. Bf4 Be5 31.
Rb6 f6 32. Rxc6 Bxd5 33. Qxd5+ Qxd5 34. cxd5 Rfe8 35. Bxe5 Rxe5 36. Rxc5 1-0

[Event "Early-Titled-Tuesday-Blitz-April-16-2024"]
[Site "Chess.com"]
[Date "2024.04.16"]
[Round "4"]
[White "le-castor-faineant"]
[Black "Nutflush"]
[Result "1-0"]
[WhiteElo "2332"]
[BlackElo "2117"]
[TimeControl "180+1"]
[EndTime "8:39:08 PDT"]
[Termination "le-castor-faineant won on time"]

1. e4 c5 2. Nf3 Nc6 3. Bc4 e6 4. d4 cxd4 5. c3 d5 6. exd5 exd5 7. Bb3 Bg4 8. O-O Be7 9. cxd4 Nf6 10. Nc3 O-O 11. Be3 h6 12. h3 Bh5 13. Rc1 Qd7 14. Re1 Rad8 15. Na4 Bb4 16. Nc3 Qf5 17.
Bc2 Qc8 18. Bd3 Ne4 19. Be2 Nxc3 20. bxc3 Bd6 21. c4 dxc4 22. Rxc4 Qf5 23. Qb1 Qxb1 24. Rxb1 Rd7 25. Rc3 Bg6 26. Rb5 Rfd8 27. d5 Ne5 28.
Bxa7 Nxf3+ 29. Bxf3 Be5 30. Rcb3 b6 31. Bxb6 Ra8 32. a3 Bd6 33. Bc5 1-0

[Event "Early-Titled-Tuesday-Blitz-April-16-2024"]
[Site "Chess.com"]
[Date "2024.04.16"]
[Round "4"]
[White "ChessSG1"]
[Black "XDPS"]
[Result "0-1"]
[WhiteElo "2426"]
[BlackElo "2851"]
[TimeControl "180+1"]
[EndTime "8:39:10 PDT"]
[Termination "XDPS won by resignation"]

1. c4 g6 2. g3 Bg7 3. Bg2 Nf6 4. Nc3 O-O 5. e4 e5 6. Nge2 c5 7. d3 d6 8. O-O Nc6 9. h3 a6 10.
f4 Rb8 11. a4 exf4 12. Nxf4 Nd7 13. Kh2 Nde5 14. Ncd5 b5 15. axb5 axb5 16. b3 bxc4 17. bxc4 Nxc4 18. Ra2 N4e5 19. Be3 Be6 20. Qd2 Bxd5 21.
Nxd5 Nb4 22. Nxb4 Rxb4 23. d4 Nc4 24. Qd3 Nxe3 25. Qxe3 Bxd4 26. Qf3 Qe7 27. Rd1 Be5 28. Kh1 Rfb8 29. Rf2 Rb3 30. Qg4 Rxg3 31. Qe2 Rb2 32. Qf1 Rxf2 33. Qxf2 Ra3 34. Rb1 Kg7 35. Kg1 Bd4 0-1

[Event "Early-Titled-Tuesday-Blitz-April-16-2024"]
[Site "Chess.com"]
[Date "2024.04.16"]
[Round "4"]
[White "Iunusovnuriddin"]
[Black "RojonR"]
[Result "0-1"]
[WhiteElo "2341"]
[BlackElo "2539"]
[TimeControl "180+1"]
[EndTime "8:39:11 PDT"]
[Termination "RojonR won on time"]

1. e4 c5 2. c3 Nf6 3. e5 Nd5 4.
d4 cxd4 5. Qxd4 e6 6. Nf3 Nc6 7.
Qe4 f5 8. Qe2 Be7 9. g3 O-O 10.
Bg2 b5 11. O-O a5 12. Rd1 Ba6 13. Nbd2 Qc7 14. h4 h6 15. Nf1 b4 16. c4 Na7 17.
Ne3 Nxe3 18. Qxe3 Bxc4 19. Nd2 Bc5 20. Qe1 Ba6 21. Bxa8 Rxa8 22. Nb3 Bb7 23. Nxc5 Qxc5 24. Qe3 Qc6 25. f3 f4 26. gxf4 Nb5 27. a4 bxa3 28. bxa3 Nc3 29. Rd3 Nd5 30. Qf2 Rf8 31. Bd2 Qc2 32. Qf1 Ba6 33. Rc3 Qxd2 0-1

[Event "Early-Titled-Tuesday-Blitz-April-16-2024"]
[Site "Chess.com"]
[Date "2024.04.16"]
[Round "4"]
[White "CrazyMartian"]
[Black "gau248"]
[Result "1-0"]
[WhiteElo "2372"]
[BlackElo "2571"]
[TimeControl "180+1"]
[EndTime "8:39:13 PDT"]
[Termination "CrazyMartian won by checkmate"]

1. d4 d5 2. c4 e6 3. Nc3 Nf6 4. cxd5 Nxd5 5. e4 Nxc3 6. bxc3 c5 7. a3 cxd4 8. cxd4 Be7 9. Nf3 O-O 10. Bc4 Nd7 11. O-O b6 12. Qe2 Bb7 13. Bb2 Rc8 14. Bb3 Nf6 15. Nd2 h6 16. Rfe1 Qd7 17. Rad1 Rfd8 18.
Qd3 e5 19. Nc4 Qb5 20. Nxe5 Qxd3 21. Rxd3 Bxe4 22. Nxf7 Bxd3 23. Nxd8+ Kf8 24. Ne6+ Kf7 25. Nc5+ Kf8 26. Nxd3 Rd8 27. Ne5 Rc8 28. h3 Bd6 29. Ng6# 1-0

[Event "Early-Titled-Tuesday-Blitz-April-16-2024"]
[Site "Chess.com"]
[Date "2024.04.16"]
[Round "4"]
[White "NigiriSushies"]
[Black "SaqoChess_Twitch"]
[Result "0-1"]
[WhiteElo "2409"]
[BlackElo "2655"]
[TimeControl "180+1"]
[EndTime "8:39:14 PDT"]
[Termination "SaqoChess_Twitch won on time"]

1. Nf3 d5 2. g3 e6 3. Bg2 Nf6 4. O-O Be7 5. b3 O-O 6. Bb2 c5 7. d3 Nc6 8. Nbd2 b5 9. c4 bxc4 10. dxc4 a5 11. Qc2 a4 12. Ne5 Nxe5 13. Bxe5 Bb7 14.
e3 Qa5 15. Bc3 Qa6 16. h3 Rfd8 17. Kh2 d4 18. exd4 Bxg2 19. Kxg2 cxd4 20. Bb2 a3 21. Bc1 e5 22. Ne4 Qc6 23. f3 Nxe4 24. Qxe4 Qxe4 25. fxe4 f6 26. Rd1 Bb4 27. Bd2 Bxd2 28. Rxd2 Rdc8 29. Rd3 Kf7 30. Rf1 Ke6 31. Rf2 Kd6 32. Rf1 Kc5 33. Rf2 Kb4 34. g4 Ra7 35. Rf5 Rf7 36. Kf1 g6 37. Rf2 Rcf8 38. Rdf3 f5 39. Ke2 f4 40.
h4 Rc7 41. Kd3 Rb8 42. Rc2 Kc5 43. Rg2 Rb4 44. Rc2 Rcb7 45. Rcf2 Rb8 46. Kc2 h6 47. Rd3 Rxc4+ 48. bxc4 Rb2+ 49. Kc1 Rxf2 50. Rxa3 Kxc4 51. Ra6 d3 52. Rxg6 Rxa2 53. Rxh6 f3 54. Rf6 f2 55. h5 Kc3 0-1

[Event "Early-Titled-Tuesday-Blitz-April-16-2024"]
[Site "Chess.com"]
[Date "2024.04.16"]
[Round "4"]
[White "B_nn_t"]
[Black "DonCiao"]
[Result "1-0"]
[WhiteElo "2543"]
[BlackElo "2066"]
[TimeControl "180+1"]
[EndTime "8:39:14 PDT"]
[Termination "B_nn_t won by checkmate"]

1. e4 c5 2. Nf3 Nc6 3. d4 cxd4 4. Nxd4 Nf6 5. Nc3 e5 6. Ndb5 d6 7. Bg5 a6 8. Na3 b5 9. Nab1 Be7 10. Bxf6 Bxf6 11.
a4 bxa4 12. Rxa4 a5 13. Bb5 Bb7 14. Nd5 O-O 15. Nbc3 Nd4 16. Bc4 Bc6 17. Ra1 a4 18. O-O Rb8 19. b3 axb3 20. cxb3 Bg5 21. g3 Kh8 22. h4 Bh6 23. Ra6 Bxd5 24. Nxd5 f5 25. exf5 Rxf5 26. Qg4 Qf8 27. Ra7 Nxb3 28. Ne7 Rf6 29.
Ng8 Nd2 30. Nxf6 Nxc4 31. Nd7 Qc8 32. Qe2 d5 33. Nxb8 Qxb8 34. Rfa1 Nb6 35. Qb5 e4 36. Ra8 Qxa8 37. Rxa8+ Nxa8 38. Qe8# 1-0

[Event "Early-Titled-Tuesday-Blitz-April-16-2024"]
[Site "Chess.com"]
[Date "2024.04.16"]
[Round "4"]
[White "JACK_BAU3R"]
[Black "KorolDimitriy75"]
[Result "0-1"]
[WhiteElo "1993"]
[BlackElo "2310"]
[TimeControl "180+1"]
[EndTime "8:39:14 PDT"]
[Termination "KorolDimitriy75 won on time"]

1. d4 Nf6 2. c3 c5 3. Bf4 Qb6 4. Qb3 cxd4 5. Qxb6 axb6 6. cxd4 Nc6 7. e3 Nb4 8. Kd1 Rxa2 9. Rxa2 Nxa2 10. Nc3 Nb4 11. e4 d5 12. f3 Bd7 13. Bc7 Bc6 14.
Bxb6 dxe4 15. fxe4 Nxe4 16. Nxe4 Bxe4 17. Nf3 e6 18.
Ne5 Bd6 19. Bb5+ Nc6 20. Re1 Bxg2 21. Rg1 Bxe5 22. dxe5 Bf3+ 23. Kd2 O-O 24. Ke3 Bd5 25. Bc7 Rc8 26. Bd6 Rd8 27. Bd3 f6 28. Bc7 Rd7 29. Bd6 Nxe5 30. Bxe5 fxe5 31. Rg3 Rf7 0-1

[Event "Early-Titled-Tuesday-Blitz-April-16-2024"]
[Site "Chess.com"]
[Date "2024.04.16"]
[Round "4"]
[White "littlepinkyboy"]
[Black "janhelmer03"]
[Result "1-0"]
[WhiteElo "2685"]
[BlackElo "2422"]
[TimeControl "180+1"]
[EndTime "8:39:16 PDT"]
[Termination "littlepinkyboy won on time"]

1. e4 c5 2. Nf3 d6 3. d4 cxd4 4.
Nxd4 Nf6 5. Nc3 g6 6. Be3 Bg7 7.
f3 O-O 8. Qd2 Nc6 9. O-O-O d5 10. exd5 Nxd5 11. Nxc6 bxc6 12. Bd4 e5 13. Bc5 Re8 14.
Nxd5 cxd5 15. Qxd5 Qa5 16. Qxa8 Qxa2 17. Be3 Qa1+ 18.
Kd2 Qxb2 19. Bd3 e4 20. Qc6 Qb4+ 21. c3 Qb2+ 22. Bc2 Rd8+ 23. Ke1 Bxc3+ 24. Kf1 Rxd1+ 25.
Bxd1 Be6 26. Qa8+ Kg7 27. Qxe4 Bf5 28. Qc4 Qb1 29. Kf2 Bf6 30. Bd4 1-0

[Event "Early-Titled-Tuesday-Blitz-April-16-2024"]
[Site "Chess.com"]
[Date "2024.04.16"]
[Round "4"]
[White "MKlose11"]
[Black "NikFil2013"]
[Result "1-0"]
[WhiteElo "2623"]
[BlackElo "2416"]
[TimeControl "180+1"]
[EndTime "8:39:17 PDT"]
[Termination "MKlose11 won by resignation"]

1. e4 c5 2. Nc3 d6 3. g3 e6 4. d3 Nc6 5. Bg2 Nf6 6. h3 Be7 7. Be3 d5 8. exd5 exd5 9. Bg5 Be6 10. Nge2 O-O 11. O-O d4 12. Bxf6 Bxf6 13. Ne4 Be7 14. Nf4 Bf5 15. Nd5 Be6 16. Nxe7+ Qxe7 17. Re1 Rfe8 18. Qh5 Nb4 19. Re2 Rac8 20. a3 Nd5 21. Rae1 Nf6 22. Nxf6+ Qxf6 23. Bxb7 Rb8 24. Bd5 g6 25. Qh6 Rxb2 26. Bxe6 Rxe6 27. Rxe6 fxe6 28. Re4 e5 29. Qc1 Rb8 30. Qe1 Re8 31. f4 Qf5 32. Kh2 Kf7 33. g4 Qe6 34. Rxe5 Kg7 35. Rxe6 1-0

[Event "Early-Titled-Tuesday-Blitz-April-16-2024"]
[Site "Chess.com"]
[Date "2024.04.16"]
[Round "4"]
[White "JiiHart"]
[Black "cansun"]
[Result "1-0"]
[WhiteElo "2168"]
[BlackElo "2390"]
[TimeControl "180+1"]
[EndTime "8:39:17 PDT"]
[Termination "JiiHart won by resignation"]

1. e4 c5 2. c3 Nf6 3. e5 Nd5 4. d4 cxd4 5. Nf3 e6 6. cxd4 d6 7. Nc3 Nc6 8. Bd3 Be7 9. O-O O-O 10. Bd2 dxe5 11. dxe5 Ndb4 12. Bb1 Qc7 13. Qe2 Rd8 14. Qe4 g6 15. a3 Nd5 16. Ba2 Nxc3 17. Bxc3 b6 18. Rad1 Ba6 19. Rfe1 Rac8 20. h4 Bb7 21. Qf4 Na5 22. Bxa5 bxa5 23. Rc1 Qb6 24. b4 axb4 25. axb4 Bxb4 26. Ng5 Rf8 27. Rxc8 Bxc8 28. Rb1 a5 29. Ne4 Qd4 30. Nf6+ Kg7 31. Qxd4 1-0

[Event "Early-Titled-Tuesday-Blitz-April-16-2024"]
[Site "Chess.com"]
[Date "2024.04.16"]
[Round "4"]
[White "Maftuna2303"]
[Black "mariangie523"]
[Result "1-0"]
[WhiteElo "2375"]
[BlackElo "2148"]
[TimeControl "180+1"]
[EndTime "8:39:17 PDT"]
[Termination "Maftuna2303 won on time"]

1. e4 c5 2. Nf3 d6 3. d4 cxd4 4. Nxd4 Nf6 5. Nc3 g6 6. Be2 Bg7 7. O-O O-O 8. Be3 Nc6 9. Nb3 Be6 10. f3 Rc8 11. Nd5 b6 12. c3 Ne5 13. Bf2 Nc4 14. Rb1 Nd7 15. Nd4 Nce5 16. f4 Bxd5 17. exd5 Nc4 18.
Nc6 Nxb2 19. Rxb2 Qe8 20. Bd4 Nf6 21. Bf3 Qd7 22. Re1 Rfe8 23. Rbe2 e5 24. fxe5 dxe5 25. Bxe5 Qf5 26. Nd4 Qd7 27. c4 a6 28. Bxf6 Bxf6 29. Rxe8+ Rxe8 30. Rxe8+ Qxe8 31. Qe2 Bxd4+ 32. Kf1 Qxe2+ 33. Kxe2 Bc5 34. Bg4 Kf8 35. Bc8 a5 36. Kd3 Ke7 37. Kc2 Kd6 38. Kb3 Ke5 39. Ka4 Kd4 40.
Kb5 h6 41. Ba6 Ke5 42. Kc6 f5 43. Bc8 g5 44. Bd7 g4 45. g3 f4 46. Bxg4 fxg3 47.
hxg3 1-0

[Event "Early-Titled-Tuesday-Blitz-April-16-2024"]
[Site "Chess.com"]
[Date "2024.04.16"]
[Round "4"]
[White "soumeow"]
[Black "GMCarbone"]
[Result "0-1"]
[WhiteElo "2374"]
[BlackElo "2593"]
[TimeControl "180+1"]
[EndTime "8:39:19 PDT"]
[Termination "GMCarbone won on time"]

1. e4 c5 2. Nf3 Nc6 3. d4 cxd4 4. Nxd4 e6 5. Nc3 Qc7 6. g4 a6 7. Be3 b5 8. Nxc6 Qxc6 9. g5 b4 10. Ne2 Qxe4 11. Rg1 d5 12. Ng3 Qe5 13. Qd2 Bc5 14.
O-O-O Bxe3 15. fxe3 Ne7 16. e4 O-O 17. Qxb4 Rb8 18. Qa3 Ng6 19. exd5 exd5 20. Kb1 Bg4 21. Rc1 Rb6 22. b3 Nf4 23. Qc5 Rfb8 24. h4 Ne6 25.
Qa3 Nf4 26. Bxa6 Ra8 27. Rce1 Qb8 28. Bc8 Qxc8 29. Qe7 Re6 0-1

[Event "Early-Titled-Tuesday-Blitz-April-16-2024"]
[Site "Chess.com"]
[Date "2024.04.16"]
[Round "4"]
[White "MIss_MIaMI"]
[Black "nikitakhoroshev"]
[Result "1-0"]
[WhiteElo "2369"]
[BlackElo "2538"]
[TimeControl "180+1"]
[EndTime "8:39:19 PDT"]
[Termination "MIss_MIaMI won by resignation"]

1. e4 e5 2. Nf3 Nc6 3. d4 exd4 4.
c3 dxc3 5. Bc4 d6 6. O-O Be7 7. Nxc3 Nf6 8. h3 O-O 9. a3 Ne5 10. Nxe5 dxe5 11. Qb3 c6 12. Be3 Qc7 13. Rfd1 b5 14.
Be2 Be6 15. Qc2 a5 16. Nxb5 Qb7 17. Nd6 Qb8 18. Nc4 a4 19. Rd2 Nd7 20. Rad1 Nc5 21. f3 Nb3 22. Rd3 Nd4 23. Bxd4 exd4 24. Kh1 Qb5 25.
Nd2 Qe5 26. Nc4 Qg3 27. Rxd4 Bxh3 28. gxh3 Qxh3+ 29. Kg1 Bc5 30. Ne3 Bxd4 31. Rxd4 Qg3+ 32. Ng2 Ra5 33. Qc3 Rg5 34. Bf1 h5 35. f4 Rg6 36.
Qxg3 Rxg3 37. Kh2 Rb3 38. Rd2 Re8 39. e5 Rf3 40. Be2 Rb3 41. Bxh5 g6 42. Bd1 Reb8 43. Bxb3 Rxb3 44. Rc2 Rb6 45. Kg1 Kg7 46. Kf2 Kh6 47.
Ne3 Kh5 48. Kf3 1-0

[Event "Early-Titled-Tuesday-Blitz-April-16-2024"]
[Site "Chess.com"]
[Date "2024.04.16"]
[Round "4"]
[White "Chessbard1972"]
[Black "ChessArchitect64"]
[Result "1-0"]
[WhiteElo "2339"]
[BlackElo "2130"]
[TimeControl "180+1"]
[EndTime "8:39:19 PDT"]
[Termination "Chessbard1972 won by resignation"]

1. d4 d5 2. c4 e6 3. Nf3 Nf6 4. Bg5 Be7 5. e3 O-O 6. Nc3 h6 7. Bxf6 Bxf6 8. Qc2 c6 9. h4 Nd7 10. g4 g6 11. g5 hxg5 12. h5 Bg7 13. hxg6 f5 14.
cxd5 cxd5 15. Ne5 Nxe5 16. dxe5 Bxe5 17. f4 Bg7 18. Qh2 Re8 19. O-O-O Bd7 20. Kb1 Rc8 21. Nb5 Qb6 22. Nd4 a6 23. Qh7+ Kf8 24. Qh5 g4 25.
Bd3 Rc4 26. Bxc4 dxc4 27. Qg5 c3 28. b3 Qa5 29. Nc2 Bc6 30. Rh7 Be4 31. Rd7 Bxc2+ 32. Ka1 Be4 33. Rf7+ Kg8 34. Rhxg7+ 1-0

[Event "Early-Titled-Tuesday-Blitz-April-16-2024"]
[Site "Chess.com"]
[Date "2024.04.16"]
[Round "4"]
[White "crazy_but_lazy"]
[Black "IM_ArthurDW08"]
[Result "0-1"]
[WhiteElo "2551"]
[BlackElo "2745"]
[TimeControl "180+1"]
[EndTime "8:39:21 PDT"]
[Termination "IM_ArthurDW08 won on time"]

1. d4 e6 2. c4 c5 3. Nf3 cxd4 4. Nxd4 d5 5. g3 dxc4 6. Bg2 Nf6 7. O-O Bc5 8. Nb5 Qb6 9. N1c3 a6 10. Na3 O-O 11. Nxc4 Qa7 12. Bg5 Nc6 13. Bxf6 gxf6 14. Bxc6 bxc6 15.
Ne4 Be7 16. e3 f5 17. Ned6 Bd7 18. Rc1 c5 19. Ne5 Rad8 20. Ndc4 Bb5 21. Qf3 Qc7 22. b3 f6 23. a4 Be8 24. Rc2 fxe5 25. Qe2 e4 26. Rfc1 Bf6 27. Na3 Qf7 28. Rxc5 Qh5 29. Qxa6 Rd1+ 30. Rxd1 Qxd1+ 31. Qf1 Qxf1+ 32. Kxf1 Be7 0-1

[Event "Early-Titled-Tuesday-Blitz-April-16-2024"]
[Site "Chess.com"]
[Date "2024.04.16"]
[Round "4"]
[White "Matols"]
[Black "Aragon"]
[Result "1-0"]
[WhiteElo "2362"]
[BlackElo "2052"]
[TimeControl "180+1"]
[EndTime "8:39:21 PDT"]
[Termination "Matols won by resignation"]

1. d4 b5 2. e4 a6 3. Bd3 Bb7 4. Nf3 e6 5. O-O Nf6 6. Re1 d5 7. e5 Nfd7 8. c3 c5 9. Nbd2 Nc6 10. Nf1 h6 11. Ng3 Qb6 12. Be3 g6 13. Rc1 Be7 14.
Qd2 g5 15. Nh5 O-O-O 16. dxc5 Bxc5 17. Bxc5 Qxc5 18. b4 Qb6 19. a4 g4 20. Nd4 Ncxe5 21.
axb5 Rdg8 22. bxa6 Bxa6 23. Bxa6+ Qxa6 24. b5 Qb7 25.
Qf4 Nd3 26. Qxf7 Nxe1 27. Rxe1 e5 28. Nc6 Rf8 29. Qxd5 Nb6 30. Qxe5 Qc7 31. Qe6+ Kb7 32. Nf6 Rf7 33. Ra1 Nc8 34. Na5+ Kb8 35. Qa6 Rxf6 36.
Qxf6 Rd8 37. Nc6+ Kb7 38. Nxd8+ 1-0

[Event "Early-Titled-Tuesday-Blitz-April-16-2024"]
[Site "Chess.com"]
[Date "2024.04.16"]
[Round "4"]
[White "HajiyevKanan"]
[Black "TheoSlade"]
[Result "1/2-1/2"]
[WhiteElo "2628"]
[BlackElo "2379"]
[TimeControl "180+1"]
[EndTime "8:39:22 PDT"]
[Termination "Game drawn by repetition"]

1. d4 d5 2. Nf3 e6 3. c4 a6 4.
cxd5 exd5 5. Nc3 c6 6. Qc2 Bd6 7. Bg5 Ne7 8. e3 f6 9. Bh4 Bf5 10. Bd3 Bxd3 11. Qxd3 Nd7 12. O-O O-O 13. Rfe1 Re8 14.
Rab1 Nb6 15. Qc2 Qd7 16. Ne2 Nf5 17. Bg3 Nc4 18. Nf4 Bxf4 19. Bxf4 Nfd6 20. Bxd6 Nxd6 21. Rbc1 g5 22. b3 Re7 23. Qc5 Rae8 24. a4 Kg7 25.
Qc2 h5 26. Nd2 h4 27. h3 Kh6 28. Qd1 Rg7 29. f3 Rge7 30. Kf2 Re6 31. Qc2 Qe7 32.
Qd3 f5 33. Nf1 Rf8 34. Nd2 g4 35. f4 Rg8 36. Rg1 g3+ 37. Ke2 Re8 38. Rc3 Qf7 39.
Qc2 Qe7 40. Qd3 Qf7 41. Qc2 Qe7 42. Qd3 1/2-1/2

[Event "Early-Titled-Tuesday-Blitz-April-16-2024"]
[Site "Chess.com"]
[Date "2024.04.16"]
[Round "4"]
[White "Levanzovsky"]
[Black "Iuckyducky"]
[Result "1-0"]
[WhiteElo "2487"]
[BlackElo "2268"]
[TimeControl "180+1"]
[EndTime "8:39:22 PDT"]
[Termination "Levanzovsky won on time"]

1. e4 c5 2. Nf3 e6 3. d4 cxd4 4. Nxd4 Nc6 5. Nc3 Nf6 6. a3 Be7 7. Be3 O-O 8. f4 e5 9. fxe5 Nxe5 10. Nf5 d5 11. Nxe7+ Qxe7 12. Nxd5 Nxd5 13. Qxd5 Rd8 14. Qc5 Qh4+ 15. Bf2 Qxe4+ 16. Qe3 Qxc2 17. Be2 Bg4 18. h3 Bxe2 19. Qxe2 Nd3+ 20. Kf1 Qb3 21. Kg1 Re8 22.
Qf3 Re6 23. Bd4 Qc4 24. Bc3 Rae8 25. Rf1 Re2 26. Kh2 f6 27. Qg3 Kh8 28. Rxf6 h6 29. Rxh6+ 1-0